 Dungeon Crawl Stone Soup version 0.16.0-1-gbc1383b (console) character file.

81 gw the Skirmisher (level 4, -7/41 HPs)
             Began as a Minotaur Chaos Knight on Mar 13, 2015.
             Mangled by a worm (10 damage)
             ... on level 3 of the Dungeon.
             The game lasted 00:01:36 (1558 turns).

gw the Skirmisher (Minotaur Chaos Knight)           Turns: 1558, Time: 00:01:36

Health: -7/41      AC:  5    Str: 17    XL:     4   Next: 20%
Magic:  2/2        EV: 10    Int:  9    God:    Xom [.....*]
Gold:   50         SH:  0    Dex: 10    Spells: 0 memorised, 3 levels left

rFire  . . .     SeeInvis .     b - +0 mace (chaos) (curse)
rCold  . . .     Clarity  .     f - +0 ring mail
rNeg   . . .     SustAb   .     (no shield)
rPois  .         Gourm    .     (helmet restricted)
rElec  .         Spirit   .     (no cloak)
rCorr  .         Warding  .     (no gloves)
rMut   .         Stasis   .     (no boots)
MR     .....                    (no amulet)
Stlth  ..........               (no ring)
                                (no ring)

@: not resistant to hostile enchantments, extremely unstealthy
A: retaliatory headbutt, horns 2, deterioration 1
a: Renounce Religion


You were on level 3 of the Dungeon.
You worshipped Xom.
You were Xom's teddy bear.
You were not hungry.

You visited 1 branch of the dungeon, and saw 3 of its levels.

You collected 50 gold pieces.

Inventory:

Hand weapons
 b - a cursed +0 mace of chaos (weapon)
Missiles
 h - 29 stones (quivered)
 j - a javelin
Armour
 f - a +0 ring mail (worn)
Scrolls
 e - 3 scrolls of identify
Comestibles
 a - a royal jelly
 c - a bread ration


   Skills:
 + Level 4.6 Fighting
 * Level 4.4 Maces & Flails
 + Level 1.2 Throwing
 + Level 3.3 Armour
 - Level 1.1 Dodging


You had 3 spell levels left.
You didn't know any spells.

Dungeon Overview and Level Annotations

Branches:
Dungeon (3/15)

Altars:
Fedhas
Okawaru
Trog
Xom


Innate Abilities, Weirdness & Mutations

You reflexively headbutt those who attack you in melee.
You have a pair of horns on your head.
Your body is slowly deteriorating.


Message History

The stone hits the worm but does no damage.
The worm is lightly wounded.
Unknown command.
Unknown command.
Unknown command.
Unknown command.
Attempting RANGED ATTACK TO (0,2) Throwing (i - inventory. (,) - cycle):
h - 30 stones (quivered)
Press: ? - help, Shift-Dir - straight line, f/p - worm
Aim: a worm (lightly wounded)
You throw a stone.
The stone hits the worm but does no damage.
The worm is lightly wounded.
Unknown command.
Unknown command.
Unknown command.
Unknown command.
KIIIITING; MOVING TO (8,-1)
The worm bites you!
You die...

(.... #...#
#.(.# #...# #
#...# .#
##...##.#
###.......#
###.......###
#.H.###.<%#
#w### ##..#
#(# #..# #(#
##.# #(# .#
((# .# (## ..
( ## #


You could see a worm.

Table legend:
 A = Turns spent in this place as a percentage of turns spent in the entire game.
 B = Non-inter-level travel turns spent in this place as a percentage of non-inter-level travel turns spent in the entire game.
 C = Inter-level travel turns spent in this place as a percentage of turns spent in this place.
 D = Turns resting spent in this place as a percentage of non-inter-level travel turns spent in this place.
 E = Turns spent auto-exploring this place as a percentage of non-inter-level travel turns spent in this place.
 F = Non-inter-level travel turns spent in this place divided by the number of levels of this place that you've seen.
                   A       B       C       D       E      F
               +-------+-------+-------+-------+-------+----------------------
         Total | 100.0 | 100.0 |   0.3 |   0.5 |   2.7 | 993.3
       Dungeon | 100.0 | 100.0 |   0.3 |   0.5 |   2.7 | 993.3
               +-------+-------+-------+-------+-------+----------------------

Table legend:
 A = Kills in this place as a percentage of kills in entire the game.
 B = Kills by you in this place as a percentage of kills by you in the entire game.
 C = Kills by friends in this place as a percentage of kills by friends in the entire game.
 D = Other kills in this place as a percentage of other kills in the entire game.
 E = Experience gained in this place as a percentage of experience gained in the entire game.
 F = Experience gained in this place divided by the number of levels of this place that you have seen.
                   A       B       C       D       E      F
               +-------+-------+-------+-------+-------+----------------------
         Total | 100.0 | 100.0 |  -nan |  -nan | 100.0 |  39.0
       Dungeon | 100.0 | 100.0 |  -nan |  -nan | 100.0 |  39.0
               +-------+-------+-------+-------+-------+----------------------

Vanquished Creatures
  Jessica (D:2)
  An adder (D:2)
  A worm (D:2)
  3 oozes (D:1)
  2 giant geckos
  2 orcs (D:3)
  2 ball pythons (D:1)
  3 giant cockroaches
  6 hobgoblins
  2 jackals (D:1)
  3 kobolds
  4 bats
  3 giant newts (D:1)
  A goblin (D:1)
  3 rats
37 creatures vanquished.

Notes
Turn   | Place    | Note
--------------------------------------------------------------
     0 | D:1      | gw, the Minotaur Chaos Knight, began the quest for the Orb.
     0 | D:1      | Reached XP level 1. HP: 19/19 MP: 1/1
   110 | D:1      | XOM: divination: magic mapping
   182 | D:1      | Reached XP level 2. HP: 22/27 MP: 1/1
   287 | D:1      | Reached skill level 4 in Fighting
   298 | D:1      | XOM: swap weapons
   695 | D:1      | XOM: give mutations
   695 | D:1      | Gained mutation: Your body is slowly deteriorating. [Xom's mischief]
   695 | D:1      | Gained mutation: Your body is deteriorating. [Xom's mischief]
   695 | D:1      | Lost mutation: Your body is deteriorating. [Xom's mischief]
   724 | D:1      | XOM: medium Chrm miscast
   784 | D:2      | Noticed Jessica
   785 | D:2      | Reached XP level 3. HP: 34/34 MP: 2/2
   794 | D:2      | Killed Jessica
   794 | D:2      | Reached skill level 1 in Throwing
  1027 | D:2      | XOM: vitrification
  1137 | D:2      | Reached XP level 4. HP: 41/41 MP: 2/2
  1293 | D:2      | Found an iron altar of Okawaru.
  1296 | D:2      | Found a shimmering altar of Xom.
  1298 | D:2      | Found a bloodstained altar of Trog.
  1303 | D:2      | Found a blossoming altar of Fedhas.
  1493 | D:3      | XOM: noise
  1549 | D:3      | HP: 2/41 [something (2)]
  1558 | D:3      | Mangled by a worm

Action                   |  1- 3 |  4- 6 || total
-------------------------+-------+-------++-------
Melee: Mace              |    37 |    13 ||    50
       Club              |    19 |       ||    19
Throw: Stone             |    44 |    27 ||    71
       Javelin           |     8 |     5 ||    13
  Use: Scroll            |     5 |     3 ||     8
       Potion            |     1 |     1 ||     2
  Eat: Chunk             |     1 |     1 ||     2

Vault maps used:
D:1:      minmay_arrival_widening_spiral_wide, minmay_misc_feat_x
D:2:      minitemple, serial_forest, infiniplex_forest_lined_room_2,
          infiniplex_forest_straight_3, infiniplex_forest_clump_double,
          infiniplex_forest_lined_2, infiniplex_forest_side_room,
          infiniplex_forest_straight_2, infiniplex_forest_end_2,
          infiniplex_forest_lined_ring, uniq_jessica
D:3:      nicolae_overflow_hidden_temple, minivault_24, uniq_sigmund
